 Dungeon Sprint DCSS version 0.20-a0-9-g62d82d9 (webtiles) character file.

11500000 packetloss the Axe Maniac (level 27, -12/174 HPs)
             Began as a Spriggan Artificer on Nov 1, 2016.
             Was the Champion of Makhleb.
             Killed by the air
             ... invoked by a tyrant
              (31 damage)
             ... in the Dungeon (Sprint VIII: "Arena of Blood").
             The game lasted 00:04:13 (115 turns).

packetloss the Axe Maniac (Spriggan Artificer)       Turns: 115, Time: 00:04:14

Health: -12/174    AC:  4    Str:  8    XL:     27
Magic:  42/55      EV: 44    Int: 14    God:    Makhleb [******]
Gold:   0          SH:  0    Dex: 28    Spells: 0 memorised, 80 levels left

rFire  + . .     SeeInvis +     m - +∞ Axe of Woe
rCold  . . .     Gourm    .     b - +0 robe
rNeg   . . .     Faith    .     (shield currently unavailable)
rPois  .         Spirit   .     (helmet restricted)
rElec  .         Reflect  .     (no cloak)
rCorr  .         Harm     .     (gloves unavailable)
MR     ++++.     NoTele   +     (boots unavailable)
Stlth  +++++++++.               (no amulet)
                                (no ring)
                                n - ring of protection from fire {rF+, !d}

@: very quick
A: unfitting armour, see invisible, herbivore 3, speed 3, slow metabolism 2
a: Minor Destruction, Lesser Servant of Makhleb, Major Destruction, Greater
Servant of Makhleb, Renounce Religion


You were in the Dungeon.
You worshipped Makhleb.
Makhleb was exalted by your worship.
You were not hungry.

You visited 1 branch

Inventory:

Hand Weapons
 a - a +0 short sword
 m - the +∞ Axe of Woe (weapon)
   (You found it in the Dungeon)
Armour
 b - a +0 robe (worn)
Jewellery
 n - a ring of protection from fire (left hand) {rF+, !d}
   (You found it in the Dungeon)
Wands
 c - a wand of flame (14/48)
 d - a wand of enslavement (15/24)
 e - a wand of random effects (15/48)
Scrolls
 l - a scroll of blinking {!r}
Potions
 g - a potion of curing
 h - a potion of heal wounds
 i - a potion of haste
 j - 2 potions of magic
 k - a potion of berserk rage {!q}
Comestibles
 f - a bread ration {@e1}


   Skills:
 O Level 27 Fighting
 O Level 27 Short Blades
 O Level 27 Axes
 O Level 27 Throwing
 O Level 27 Armour
 O Level 27 Dodging
 O Level 27 Stealth
 O Level 27 Unarmed Combat
 O Level 27 Spellcasting
 O Level 27 Invocations
 O Level 27 Evocations


You had 80 spell levels left.
You didn't know any spells.

Dungeon Overview and Level Annotations

Branches:
Dungeon (1/1)

Altars:
Makhleb


Innate Abilities, Weirdness & Mutations

You are very small and have problems with some larger weapons.
You are too small for most types of armour.
You have supernaturally acute eyesight. (SInv)
You are a herbivore.
You cover ground extremely quickly.
You need consume almost no food.


Message History

The eight-headed meat hydra convulses!
The bag of meat convulses!
The large bag of meat convulses!
The eight-headed meat hydra convulses!
The large bag of meat convulses!
Your body is wracked with pain!
* * * LOW HITPOINT WARNING * * *
The observer convulses!
You hear a shout!
A wretched soul comes into view.
Danger x4: tentacled monstrosity x4!
You regained 31 hp, and now have 43/174 hp.
Unknown command.
You hit the observer but do no damage.
You slaughter the observer joyfully.
You kill the observer!
Makhleb accepts your kill.
You feel better.
You hear a shout!
The tyrant mumbles some strange words.
The eight-headed meat hydra moves out of view.
You hear a shout! x2
The tyrant gestures wildly while chanting.
You hear a shout! x2
Danger x5: tentacled monstrosity x5!
You regained 32 hp, and now have 75/174 hp.
Unknown command.
You hit the large bag of meat.
You butcher the large bag of meat messily.
The large bag of meat explodes!
The fiery explosion engulfs you! You resist.
* * * LOW HITPOINT WARNING * * *
The fiery explosion engulfs the eight-headed meat hydra.
The fiery explosion engulfs the large abomination.
The large abomination is destroyed!
The fiery explosion engulfs the large abomination.
Makhleb accepts your kill.
You feel better.
You are engulfed in roaring flames.
You resist.
You hear an angry hiss.
You hear a shout! x4
The tyrant gestures wildly while chanting. x2
You hear a shout!
The accursed casts a spell at you. Something smites you!
You hear a shout! x3
A dread comes into view.
Danger x6: tentacled monstrosity x6!
You regained 14 hp, and now have 89/174 hp.
Unknown command.
Unknown command.
A scourge comes into view.
You hear a shout!
The tyrant gestures wildly while chanting.
The tyrant seems to speed up.
You hear a shout! x2
A tyrant comes into view.
Items here: )))))) ====== Danger x5: tentacled monstrosity x5!
You hit the large abomination.
You dissect the large abomination like a pig carcass.
You destroy the large abomination!
You hear a shout! x3
The tyrant gestures wildly while chanting.
The tyrant seems to speed up.
The eight-headed meat hydra calls on the powers of darkness!
The eight-headed meat hydra convulses!
The large bag of meat convulses!
The eight-headed meat hydra convulses!
The bag of meat convulses!
Your body is wracked with pain!
* * * LOW HITPOINT WARNING * * *
You hear a shout!
The tyrant casts a spell.
You hear a shout! x2
The scourge breathes poison at you.
The large abomination is engulfed in roaring flames.
The large abomination is destroyed!
You hear a shout! x2
Danger x5: tentacled monstrosity x5!
You take 43 damage, and have 46/174 hp.
MASSIVE DAMAGE!!
You hear a shout! x4
The tyrant gestures wildly while chanting.
You hear a shout!
The observer pulsates ominously.
The accursed casts a spell at you. Something smites you!
* * * LOW HITPOINT WARNING * * *
You hear a shout!
The eight-headed meat hydra calls on the powers of darkness!
The eight-headed meat hydra convulses!
The large bag of meat convulses!
Your body is wracked with pain!
* * * LOW HITPOINT WARNING * * *
The bag of meat convulses!
The observer convulses!
An accursed comes into view.
Things that are here:
a +9 war axe; a +30 ring of slaying Warning x2: The tentacled monstrosity has dangerous constriction in melee! x2
You take 27 damage, and have 19/174 hp.
Unknown command.
You hear a shout!
The tyrant is engulfed in roaring flames.
The tyrant mumbles some strange words.
You hear a shout!
The tyrant waves its bony arms in wide circles.
The air twists around and strikes you!
You die...

#......# W.....
.......#
XMW....#......#
XXXXX.........#
.XLoD..##M....#
...C.....L....#
..XLXW###D....#
XXXXX§§§.@))..#
..#.#XL§))).).#
.....X§§§.....#
.#.#.#§§))))).#
%....§§§)..%..#
.)#)#G#).#....#
.))))§..#.....#
...)§S†%%#....#


You could see an accursed (wandering), 2 tentacled monstrosities, 3 tyrants, an
eight-headed meat hydra, an observer (invisible), a scourge, 5 large
abominations and a wretched soul (invisible).

Vanquished Creatures
  5 hell beasts (D)
  4 greater mummies (D)
  3 great orbs of eyes (D)
  2 wraiths (D)
  10 vampire knights (D)
  23 ogres (D)
  A lich (D)
  2 hydras (D)
  71 orcs (D)
  A phantom (D)
  4 hill giants (D)
  3 skeletal warriors (D)
  7 large abominations (D)
  5 small abominations (D)
  4 crawling corpses (D)
145 creatures vanquished.

Vanquished Creatures (others)
  A crawling corpse (D)
1 creature vanquished.

Grand Total: 146 creatures vanquished

Notes
Turn   | Place    | Note
-------+----------+-------------------------------------------
     0 | D        | packetloss the Spriggan Artificer began the quest for the Orb.
     0 | D        | Reached XP level 1. HP: 9/9 MP: 4/4
     3 | D        | Noticed a bag of meat
     3 | D        | Noticed a bag of meat
     4 | D        | Became a worshipper of Makhleb the Destroyer
     8 | D        | Noticed a meat berserker
     8 | D        | Noticed a meat berserker
     8 | D        | Noticed a meat berserker
     9 | D        | Noticed a meat berserker
    11 | D        | Noticed a bag of meat
    11 | D        | Noticed a bag of meat
    11 | D        | Noticed a bag of meat
    13 | D        | Noticed a bag of meat
    13 | D        | Noticed a meat berserker
    13 | D        | Noticed a bag of meat
    13 | D        | Noticed a bag of meat
    13 | D        | Killed a meat berserker
    13 | D        | Reached skill level 25 in Axes
    13 | D        | Reached XP level 2. HP: 14/14 MP: 6/6
    13 | D        | Reached XP level 3. HP: 17/17 MP: 7/7
    13 | D        | Reached XP level 4. HP: 21/21 MP: 8/8
    13 | D        | Reached XP level 5. HP: 25/25 MP: 9/9
    13 | D        | Reached XP level 6. HP: 29/29 MP: 10/10
    13 | D        | Reached XP level 7. HP: 32/32 MP: 11/11
    13 | D        | Reached XP level 8. HP: 37/37 MP: 12/12
    13 | D        | Reached XP level 9. HP: 40/40 MP: 13/13
    13 | D        | Reached XP level 10. HP: 44/44 MP: 14/14
    13 | D        | Reached XP level 11. HP: 48/48 MP: 15/15
    13 | D        | Reached XP level 12. HP: 52/52 MP: 16/16
    13 | D        | Reached XP level 13. HP: 56/56 MP: 17/17
    13 | D        | Killed a bag of meat
    13 | D        | Reached * piety under Makhleb
    13 | D        | Reached skill level 27 in Axes
    13 | D        | Reached skill level 12 in Dodging
    13 | D        | Killed a meat berserker
    13 | D        | Reached skill level 27 in Dodging
    13 | D        | Reached skill level 5 in Fighting
    13 | D        | Reached XP level 14. HP: 68/68 MP: 18/18
    14 | D        | Noticed a destroyer
    14 | D        | Noticed a destroyer
    14 | D        | Noticed a bag of meat
    14 | D        | Noticed a bag of meat
    14 | D        | Noticed a meat berserker
    14 | D        | Killed a meat berserker
    14 | D        | Reached skill level 17 in Fighting
    14 | D        | Reached XP level 15. HP: 93/93 MP: 19/19
    14 | D        | Killed a meat berserker
    14 | D        | Reached ** piety under Makhleb
    14 | D        | Reached skill level 22 in Fighting
    14 | D        | Reached XP level 16. HP: 108/108 MP: 20/20
    15 | D        | Noticed a meat berserker
    16 | D        | Killed a meat berserker
    16 | D        | Reached skill level 26 in Fighting
    16 | D        | Reached skill level 27 in Fighting
    16 | D        | Reached skill level 13 in Stealth
    16 | D        | Reached skill level 12 in Evocations
    16 | D        | Reached XP level 17. HP: 121/121 MP: 20/27
    17 | D        | Noticed a meat berserker
    17 | D        | Noticed a meat berserker
    19 | D        | Noticed a meat berserker
    19 | D        | Reached *** piety under Makhleb
    19 | D        | Reached skill level 19 in Stealth
    19 | D        | Reached skill level 17 in Evocations
    19 | D        | Reached skill level 23 in Stealth
    19 | D        | Reached skill level 20 in Evocations
    20 | D        | Killed a meat berserker
    20 | D        | Reached skill level 27 in Stealth
    20 | D        | Reached skill level 27 in Evocations
    20 | D        | Reached skill level 1 in Armour
    20 | D        | Reached skill level 2 in Invocations
    20 | D        | Reached XP level 18. HP: 127/127 MP: 20/36
    21 | D        | Noticed a meat berserker
    21 | D        | Killed a destroyer
    21 | D        | Reached **** piety under Makhleb
    21 | D        | Reached skill level 13 in Armour
    21 | D        | Reached skill level 16 in Invocations
    21 | D        | Reached skill level 15 in Armour
    21 | D        | Reached skill level 18 in Invocations
    21 | D        | Reached skill level 16 in Armour
    21 | D        | Reached skill level 20 in Invocations
    21 | D        | Reached XP level 19. HP: 132/132 MP: 20/37
    22 | D        | Killed a meat berserker
    22 | D        | Reached skill level 19 in Armour
    22 | D        | Reached skill level 23 in Invocations
    22 | D        | Reached ***** piety under Makhleb
    22 | D        | Reached skill level 20 in Armour
    22 | D        | Reached skill level 25 in Invocations
    24 | D        | Killed a meat berserker
    24 | D        | Reached skill level 22 in Armour
    24 | D        | Reached skill level 27 in Invocations
    24 | D        | Reached XP level 20. HP: 137/137 MP: 21/38
    24 | D        | Reached skill level 24 in Armour
    24 | D        | Reached skill level 26 in Armour
    24 | D        | Reached skill level 27 in Armour
    24 | D        | Reached skill level 4 in Short Blades
    24 | D        | Reached skill level 4 in Throwing
    24 | D        | Reached skill level 3 in Unarmed Combat
    24 | D        | Reached skill level 5 in Spellcasting
    24 | D        | Reached skill level 9 in Short Blades
    24 | D        | Reached skill level 8 in Throwing
    24 | D        | Reached skill level 7 in Unarmed Combat
    24 | D        | Reached skill level 10 in Spellcasting
    25 | D        | Killed a meat berserker
    25 | D        | Reached skill level 14 in Short Blades
    25 | D        | Reached skill level 13 in Throwing
    25 | D        | Reached skill level 11 in Unarmed Combat
    25 | D        | Reached skill level 15 in Spellcasting
    25 | D        | Reached XP level 21. HP: 142/142 MP: 21/41
    25 | D        | Reached ****** piety under Makhleb
    25 | D        | Reached skill level 16 in Short Blades
    25 | D        | Reached skill level 14 in Throwing
    25 | D        | Reached skill level 12 in Unarmed Combat
    25 | D        | Reached skill level 17 in Spellcasting
    25 | D        | Reached skill level 17 in Short Blades
    25 | D        | Reached skill level 16 in Throwing
    25 | D        | Reached skill level 14 in Unarmed Combat
    25 | D        | Reached skill level 18 in Spellcasting
    25 | D        | Reached skill level 18 in Short Blades
    25 | D        | Reached skill level 17 in Throwing
    25 | D        | Reached skill level 15 in Unarmed Combat
    25 | D        | Reached skill level 20 in Spellcasting
    26 | D        | Killed a destroyer
    26 | D        | Reached skill level 21 in Short Blades
    26 | D        | Reached skill level 20 in Throwing
    26 | D        | Reached skill level 17 in Unarmed Combat
    26 | D        | Reached skill level 23 in Spellcasting
    26 | D        | Reached XP level 22. HP: 148/148 MP: 21/50
    26 | D        | Reached skill level 22 in Short Blades
    26 | D        | Reached skill level 21 in Throwing
    26 | D        | Reached skill level 18 in Unarmed Combat
    26 | D        | Reached skill level 24 in Spellcasting
    26 | D        | Reached skill level 23 in Short Blades
    26 | D        | Reached skill level 22 in Throwing
    26 | D        | Reached skill level 19 in Unarmed Combat
    26 | D        | Reached skill level 25 in Spellcasting
    27 | D        | Reached skill level 25 in Short Blades
    27 | D        | Reached skill level 23 in Throwing
    27 | D        | Reached skill level 20 in Unarmed Combat
    27 | D        | Reached skill level 26 in Spellcasting
    27 | D        | Reached skill level 26 in Short Blades
    27 | D        | Reached skill level 24 in Throwing
    27 | D        | Reached skill level 21 in Unarmed Combat
    27 | D        | Reached skill level 27 in Spellcasting
    27 | D        | Reached skill level 27 in Short Blades
    27 | D        | Reached skill level 26 in Throwing
    27 | D        | Reached skill level 23 in Unarmed Combat
    27 | D        | Reached XP level 23. HP: 142/153 MP: 21/55
    27 | D        | Reached skill level 27 in Throwing
    27 | D        | Reached skill level 24 in Unarmed Combat
    33 | D        | Reached skill level 26 in Unarmed Combat
    33 | D        | Reached skill level 27 in Unarmed Combat
    34 | D        | Reached XP level 24. HP: 158/158 MP: 23/55
    35 | D        | Reached XP level 25. HP: 163/163 MP: 23/55
    38 | D        | Reached XP level 26. HP: 169/169 MP: 24/55
    39 | D        | Noticed a destroyer
    41 | D        | Noticed a destroyer
    42 | D        | Noticed a destroyer
    42 | D        | Noticed a destroyer
    42 | D        | Killed a destroyer
    42 | D        | Reached XP level 27. HP: 174/174 MP: 25/55
    44 | D        | Noticed a destroyer
    44 | D        | Killed a destroyer
    46 | D        | Killed a destroyer
    49 | D        | Noticed a tyrant
    49 | D        | Killed a tyrant
    50 | D        | Killed a destroyer
    51 | D        | Noticed a destroyer
    55 | D        | Killed a destroyer
    57 | D        | HP: 43/174 [??? (40)]
    61 | D        | Noticed a meat beast
    63 | D        | Noticed a dread
    63 | D        | Killed a meat beast
    65 | D        | Killed a destroyer
    69 | D        | Noticed a dread
    71 | D        | Noticed a meat beast
    72 | D        | Killed a dread
    74 | D        | Noticed a destroyer
    75 | D        | Noticed an accursed
    75 | D        | Noticed a destroyer
    76 | D        | Killed a meat beast
    77 | D        | Killed a destroyer
    77 | D        | Killed a destroyer
    77 | D        | Noticed a meat beast
    79 | D        | Noticed a meat beast
    80 | D        | Noticed a meat beast
    81 | D        | Killed a dread
    81 | D        | Killed a meat beast
    82 | D        | Killed a meat beast
    82 | D        | Killed a meat beast
    86 | D        | Killed an accursed
    89 | D        | HP: 23/174 [??? (21)]
    92 | D        | Noticed an accursed
    93 | D        | Killed an accursed
    94 | D        | Noticed an accursed
    97 | D        | Noticed an accursed
   101 | D        | Noticed a tyrant
   103 | D        | Killed an accursed
   105 | D        | Noticed a tyrant
   106 | D        | Noticed a tyrant
   107 | D        | Noticed an accursed
   108 | D        | Killed an accursed
   108 | D        | HP: 38/174 [tyrant/the air (29)]
   108 | D        | HP: 12/174 [observer/divine providence (14)]
   112 | D        | Noticed a dread
   113 | D        | Noticed a tyrant
   114 | D        | HP: 36/174 [accursed/divine providence (11)]
   115 | D        | Noticed an accursed
   115 | D        | Killed from afar by a tyrant

Vault maps used:
D:        meatsprint

Skill      XL: |  1  2  3  4  5  6  7  8  9 10 11 12 13 14 15 16 17 18 19 20 21 22 23 |
---------------+----------------------------------------------------------------------+-----
Axes           | 25 27 | 27.0
Dodging        | 27 | 27.0
Fighting       | 5 17 22 27 | 27.0
Stealth        | 13 27 | 27.0
Evocations     | 12 27 | 27.0
Armour         | 1 16 22 27 | 27.0
Invocations    | 2 20 27 | 27.0
Short Blades   | 14 21 27 | 27.0
Throwing       | 13 20 26 27 | 27.0
Unarmed Combat | 11 17 23 27 | 27.0
Spellcasting   | 15 23 27 | 27.0

Action                   |  1- 3 |  4- 6 |  7- 9 | 10-12 | 13-15 | 16-18 | 19-21 | 22-24 | 25-27 || total
-------------------------+-------+-------+-------+-------+-------+-------+-------+-------+-------++-------
Melee: Broad axe         |     1 |       |       |       |     1 |     4 |     4 |     4 |    44 ||    58
Evoke: Wand              |       |       |       |       |       |       |       |       |     1 ||     1
Dodge: Dodged            |       |       |       |       |     1 |       |     1 |     1 |     3 ||     6

Vault maps used:
D:        meatsprint

Table legend:
 A = Turns spent in this place as a percentage of turns spent in the entire game.
 B = Non-inter-level travel turns spent in this place as a percentage of non-inter-level travel turns spent in the entire game.
 C = Inter-level travel turns spent in this place as a percentage of turns spent in this place.
 D = Turns resting spent in this place as a percentage of non-inter-level travel turns spent in this place.
 E = Turns spent auto-exploring this place as a percentage of non-inter-level travel turns spent in this place.
 F = Non-inter-level travel turns spent in this place divided by the number of levels of this place that you've seen.
                   A       B       C       D       E      F
               +-------+-------+-------+-------+-------+----------------------
         Total | 100.0 | 100.0 |   0.0 |   0.0 |   0.0 | 237.0
       Dungeon | 100.0 | 100.0 |   0.0 |   0.0 |   0.0 | 237.0
               +-------+-------+-------+-------+-------+----------------------

Table legend:
 A = Kills in this place as a percentage of kills in entire the game.
 B = Kills by you in this place as a percentage of kills by you in the entire game.
 C = Kills by friends in this place as a percentage of kills by friends in the entire game.
 D = Other kills in this place as a percentage of other kills in the entire game.
 E = Experience gained in this place as a percentage of experience gained in the entire game.
 F = Experience gained in this place divided by the number of levels of this place that you have seen.
                   A       B       C       D       E      F
               +-------+-------+-------+-------+-------+----------------------
         Total | 100.0 | 100.0 |  -nan |  -nan | 100.0 | 3986108.0
       Dungeon | 100.0 | 100.0 |  -nan |  -nan | 100.0 | 3986108.0
               +-------+-------+-------+-------+-------+----------------------
